 Dungeon Crawl Stone Soup version 0.27.1-34-g3ba077fa99 (webtiles) character file.

Game seed: 15778214336985980297

626 cbfl8 the Sneak (level 7, 0/61 HPs)
             Began as a Minotaur Delver on Jan 26, 2022.
             Succumbed to an orc wizard's poison
             ... on level 3 of the Dungeon.
             The game lasted 00:11:43 (4109 turns).

cbfl8 the Sneak (Minotaur Delver)                   Turns: 4109, Time: 00:11:43

Health: 0/61       AC:  8    Str: 19    XL:     7   Next: 23%
Magic:  6/6        EV: 10    Int:  7    God:
Gold:   178        SH:  3    Dex: 11    Spells: 6/6 levels left

rFire    . . .     SeeInvis .   v - +0 flail (protect)
rCold    . . .     Faith    .   o - +0 buckler
rNeg     . . .     Spirit   .   s - +0 scale mail
rPois    .         Reflect  .   (helmet restricted)
rElec    .         Harm     .   (no cloak)
rCorr    .         Rampage  .   (no gloves)
Will     .....                  w - +0 pair of boots
Stlth    ++........             (no amulet)
HPRegen  0.20/turn              f - ring of wizardry
MPRegen  0.10/turn              (no ring)

@: lethally poisoned (0 -> -3), weak-willed
A: horns 2, retaliatory headbutt
a: no special abilities


You were on level 3 of the Dungeon.
You visited 1 branch of the dungeon, and saw 5 of its levels.

You collected 206 gold pieces.
You spent 28 gold pieces at shops.

Inventory:

Hand Weapons
 a - a +0 hand axe
 v - a +0 flail of protection (weapon)
Missiles
 j - 12 boomerangs (quivered)
 r - 17 poisoned darts
 x - 28 bolts
Armour
 b - a +0 leather armour
 k - a +0 ring mail
 o - a +0 buckler (worn)
 s - a +0 scale mail (worn)
 w - a +0 pair of boots (worn)
Jewellery
 f - a ring of wizardry (left hand)
 l - a ring of fire
Wands
 g - a wand of digging (3)
 u - a wand of flame (25)
Scrolls
 c - 2 scrolls of fog
 d - a scroll of magic mapping
 e - a scroll of fear
 h - 3 scrolls of teleportation
 i - a scroll of vulnerability
 p - a scroll of amnesia {unknown}
 q - a scroll of enchant weapon {unknown}
 t - 2 scrolls of identify
Potions
 n - a potion of cancellation


   Skills:
 + Level 5.1 Fighting
 + Level 3.9(4.3) Axes
 + Level 2.7(3.8) Maces & Flails
 + Level 3.9 Armour
 + Level 3.3 Dodging
 + Level 5.7 Stealth
 + Level 1.0 Shields


You had 6 spell levels left.
You didn't know any spells.
Your spell library contained the following spells:

 Spells                   Type           Power      Damage    Failure   Level
 Gell's Gravitas          Tloc           0%         N/A       90%         3
 Teleport Other           Tloc           0%         N/A       90%         3
 Dispersal                Tloc           0%         N/A       100%        6


Dungeon Overview and Level Annotations

Branches:
Dungeon (5/15)
 Temple: D:4-7

Altars:

Shops:
D:1 *


Innate Abilities, Weirdness & Mutations

You have a pair of horns on your head.
You reflexively headbutt those who attack you in melee.


Message History

There is a strange disturbance nearby!
There is a strange disturbance nearby!
Deactivating autopickup; reactivate with Ctrl-A.
You miss something.
You feel sick. Something completely misses you.
Something hits you but does no damage.
You are lethally poisoned!
You miss something.
* * * LOW HITPOINT WARNING * * *
You feel very sick.
You hear some strange, mumbled words.
Something tries to affect you, but you resist.
You miss something. You headbutt something.
Reactivating autopickup.
You feel a bit more experienced.
* * * LOW HITPOINT WARNING * * *
You feel very sick.
* * * LOW HITPOINT WARNING * * *
You feel sick.
Things that are here:
a +0 dagger of venom; a +0 robe
There is a lethal amount of poison in your body!
It was a potion of resistance.
You feel protected.
* * * LOW HITPOINT WARNING * * *
You feel sick.
Okay, then.
Your magical effects are unravelling.
You feel magically purged.
Your resistance to elements expires.
* * * LOW HITPOINT WARNING * * *
You feel sick.
There is a lethal amount of poison in your body!
There is a lethal amount of poison in your body!
There is a lethal amount of poison in your body!
There is a lethal amount of poison in your body!
There is a lethal amount of poison in your body!
Okay, then.
As you read the scroll labelled MULEAM PUPPO, it crumbles to dust.
Magic quickly surges around you.
It was a scroll of vulnerability.
You die...

# #.# #.# #.# #.#########
##'## #.##......# ##)))##
#.##.####.# ##.....##
#.##.####.# ##.......##
#......##.#
###.........####....#.##.#
..'.........'.......#.##.#
###.........####@>.....#.#
##.......## ##.#......#
##.....## #.###..###
##...## #.###..# ##'##
#.##...# #.# #.##.#.#
#.###### #......#
##......# ####.###
##...###.# #.#


There were no monsters in sight!

Vanquished Creatures
  A black bear (D:4)
  A necrophage (D:4)
  An ogre (D:4)
  A scorpion (D:4)
  2 orc priests (D:3)
  A hound (D:5)
  A bullfrog skeleton (D:4)
  2 orc wizards (D:3)
  5 adders
  A worm (D:2)
  3 dart slugs
  14 orcs
  7 ball pythons
  5 endoplasms
  2 giant cockroaches
  7 hobgoblins
  6 kobolds
  3 quokkas
  6 bats
  5 frilled lizards
  7 goblins
  7 rats
88 creatures vanquished.

Vanquished Creatures (others)
  An orc wizard (D:3)
1 creature vanquished.

Grand Total: 89 creatures vanquished

Notes
Turn   | Place    | Note
-------+----------+-------------------------------------------
     0 | D:5      | cbfl8 the Minotaur Delver began the quest for the Orb.
     0 | D:5      | Reached XP level 1. HP: 19/19 MP: 0/0
     1 | D:5      | Noticed a hound
     7 | D:5      | Killed a hound
     8 | D:5      | Reached XP level 2. HP: 23/27 MP: 1/1
    21 | D:4      | Noticed a black bear
    78 | D:4      | Reached XP level 3. HP: 27/33 MP: 2/2
    83 | D:4      | Killed a black bear
    84 | D:4      | Reached skill level 1 in Armour
    84 | D:4      | Reached skill level 5 in Stealth
    84 | D:4      | Reached XP level 4. HP: 7/40 MP: 3/3
   429 | D:4      | Reached XP level 5. HP: 38/47 MP: 4/4
   726 | D:1      | Found Diehyd's General Store.
  1313 | D:1      | Bought a scroll of identify for 28 gold pieces
  1804 | D:2      | Found a faded altar of an unknown god.
  2499 | D:3      | Reached XP level 6. HP: 28/53 MP: 5/5
  3860 | D:4      | Reached skill level 1 in Maces & Flails
  3944 | D:4      | Reached skill level 5 in Fighting
  3944 | D:4      | Reached skill level 1 in Shields
  3944 | D:4      | Reached XP level 7. HP: 59/61 MP: 6/6
  4106 | D:3      | HP: 3/61 [poisoned by an orc wizard]
  4108 | D:3      | HP: 1/61 [poisoned by an orc wizard]
  4109 | D:3      | Succumbed to an orc wizard's poison

Illustrated notes

Levels and vault maps discovered:
D:1:      roderic_octagonal_star, layout_basic, serial_shops,
          nicolae_shop_statue_plus
D:2:      layout_rooms, hellmonk_ecumenical_altar_inner_sanctum
D:3:      layout_loops_corners
D:4:      layout_rooms, mainiacjoe_overflow_brackets, serial_bayou_crossing
D:5:      layout_loops_ring, uniq_edmund

Skill      XL: |  1  2  3  4  5  6 |
---------------+-------------------+-----
Fighting       | 4 5 |  5.1
Armour         | 1 3 |  3.9
Stealth        | 5 |  5.7
Axes           | 3 |  3.9
Maces & Flails | 2 |  2.7
Dodging        | 3 |  3.3
Shields        | 1 |  1.0

Action                   |  1- 3 |  4- 6 |  7- 9 || total
-------------------------+-------+-------+-------++-------
Melee: Hand axe          |     9 |   106 |       ||   115
       Headbutt          |     3 |    41 |     2 ||    46
       Flail             |       |    59 |    15 ||    74
  Use: Potion            |     1 |       |     2 ||     3
       Scroll            |       |     3 |     1 ||     4
 Stab: Sleeping          |     1 |     8 |       ||     9
Armor: Leather armour    |     5 |    16 |       ||    21
       Scale mail        |       |    79 |    13 ||    92
       Ring mail         |       |     1 |       ||     1
Dodge: Dodged            |    10 |   106 |    11 ||   127
Block: Buckler           |       |    14 |     1 ||    15
